 Dungeon Crawl Stone Soup version 0.28.0 (webtiles) character file.

Game seed: 15065656300405793118

845 brinewave the Skirmisher (level 7, 0/99 HPs)
             Began as a Minotaur Berserker on Feb 17, 2022.
             Was a Believer of Trog.
             Slain by a sky beast (5 damage)
             ... on level 5 of the Dungeon.
             The game lasted 00:11:18 (5104 turns).

brinewave the Skirmisher (Minotaur Berserker)       Turns: 5104, Time: 00:11:19

Health: 0/99       AC:  7    Str: 24    XL:     7   Next: 68%
Magic:  6/6        EV: 11    Int:  4    God:    Trog [**....]
Gold:   199        SH:  0    Dex:  9    Spells: 6/6 levels left

rFire   . . .      SeeInvis .   p - +1 scythe (holy)
rCold   + . .      Faith    .   (shield currently unavailable)
rNeg    . . .      Spirit   .   m - +1 ring mail
rPois   .          Reflect  .   (helmet restricted)
rElec   .          Harm     .   (no cloak)
rCorr   .          Rampage  .   (no gloves)
Will    .....                   (no boots)
Stlth   ..........              (no amulet)
HPRegen 0.26/turn               g - ring of flight
MPRegen 0.10/turn               n - ring of protection from cold

@: berserking, flying, very quick
A: horns 2, retaliatory headbutt
a: Renounce Religion, Berserk, Trog's Hand


You were on level 5 of the Dungeon.
You worshipped Trog.
Trog was pleased with you.
You visited 1 branch of the dungeon, and saw 6 of its levels.

You collected 199 gold pieces.

Inventory:

Hand Weapons
 h - a +0 war axe
 p - a +1 scythe of holy wrath (weapon)
 t - a +4 dagger
Missiles
 b - 28 arrows
 c - 5 boomerangs (quivered)
 l - 5 poisoned darts
Armour
 m - a +1 ring mail (worn)
 s - a +3 leather armour of fire resistance
Jewellery
 g - a ring of flight (left hand)
 n - a ring of protection from cold (right hand)
Wands
 o - a wand of paralysis (12)
 r - a wand of flame (24)
Scrolls
 q - a scroll of teleportation {unknown}
Potions
 a - a potion of curing {unknown}
 d - a potion of attraction {unknown}
 e - 3 potions of might {unknown}
 f - a potion of haste {unknown}
 i - a potion of flight {unknown}
 j - a potion of lignification {unknown}
 k - 3 potions of brilliance {unknown}


   Skills:
 + Level 7.0 Fighting
 + Level 7.0 Axes
 + Level 6.4 Armour
 - Level 2.1 Dodging


You had 6 spell levels left.
You didn't know any spells.
Your spell library was empty.

Dungeon Overview and Level Annotations

Branches:
Dungeon (6/15)
 Temple: D:4-7

Altars:
Ru
Wu Jian


Innate Abilities, Weirdness & Mutations

You have a pair of horns on your head.
You reflexively headbutt those who attack you in melee.


Message History

The orc hits you with a +0 club. The orc closely misses you.
The orc barely misses you. The orc hits you but does no damage.
You hit the orc. Your headbutt misses the orc.
The orc is almost dead.
The orc hits you with a +0 club.
The orc hits you from afar with a +0 trident.
* * * LOW HITPOINT WARNING * * *
The orc hits you but does no damage.
You closely miss the orc.
The orc is almost dead.
The orc barely misses you. The orc hits you but does no damage.
The orc hits you from afar with a +0 trident.
* * * LOW HITPOINT WARNING * * *
The orc closely misses you. You furiously retaliate!
You headbutt the orc.
You kill the orc!
Trog accepts your kill.
Reach: p) +1 scythe (holy)
Press: ? - help, Dir - move target, f - sky beast
Aim: a sky beast (about 62% to evade your +1 scythe of holy wrath)
You reach to attack!
You closely miss the sky beast. The orc closely misses you.
The sky beast hits you.
* * * LOW HITPOINT WARNING * * *
The sky beast shocks you.
* * * LOW HITPOINT WARNING * * *
The orc hits you from afar with a +0 trident.
* * * LOW HITPOINT WARNING * * *
There is an escape hatch in the ceiling here.
There is a stone staircase leading up here.
The sky beast closely misses you.
You fly upwards.
There is a stone staircase leading down here.
A red film seems to cover your vision as you go berserk!
You feel yourself moving faster!
You feel mighty!
The sky beast hits you but does no damage.
You slash the sky beast! Your headbutt misses the sky beast.
The sky beast is heavily wounded.
The sky beast hits you.
* * * LOW HITPOINT WARNING * * *
The sky beast shocks you.
You die...

#.....##..# #<#
#..#####..####.#
####...............
#.....#####.......# #....##
#.#######
###########...รท######.#####
#.........................#
#.######.........####.###.#
#.# #....@....# #.# #.# #.#
##.#.Y..### #.# #.# #.#
#.#....# #.# #.# #.###
#.#....# #.# #.### #...#
#(##.#.# #.# #.... ###.#
#.#..#.# ####.# ##### #.#
#.#.##.# #....# #.#
#.#.##.###.######
#.#####.#.............#


You could see a sky beast.

Vanquished Creatures
  Sigmund (D:4)
  Edmund (D:4)
  A sky beast (D:5)
  A scorpion (D:5)
  2 hounds
  A jelly (D:5)
  3 orc priests
  2 iguanas
  An orc wizard (D:4)
  A howler monkey skeleton (D:4)
  5 adders
  2 adder skeletons (D:4)
  A worm (D:2)
  A dart slug (D:1)
  20 orcs
  10 ball pythons
  3 bats
  12 endoplasms
  3 giant cockroaches
  7 goblins
  7 hobgoblins
  2 jackals (D:1)
  2 quokkas
  5 frilled lizards
  5 kobolds
  5 rats
104 creatures vanquished.

Notes
Turn   | Place    | Note
-------+----------+-------------------------------------------
     0 | D:1      | brinewave the Minotaur Berserker began the quest for the
                  | Orb.
     0 | D:1      | Reached XP level 1. HP: 19/19 MP: 0/0
   194 | D:1      | Found a faded altar of an unknown god.
   316 | D:1      | Reached XP level 2. HP: 24/27 MP: 1/1
   884 | D:1      | Reached XP level 3. HP: 31/33 MP: 2/2
  1116 | D:2      | Reached ** piety under Trog
  1459 | D:2      | Found a sacrificial altar of Ru.
  2088 | D:3      | Reached XP level 4. HP: 41/41 MP: 3/3
  2942 | D:4      | Noticed Sigmund
  2957 | D:4      | Killed Sigmund
  2958 | D:4      | Reached skill level 5 in Fighting
  2958 | D:4      | Reached skill level 5 in Axes
  2958 | D:4      | Reached XP level 5. HP: 48/48 MP: 4/4
  2958 | D:4      | Reached XP level 6. HP: 56/56 MP: 5/5
  3023 | D:4      | Noticed Edmund
  3051 | D:4      | Killed Edmund
  3052 | D:4      | Reached skill level 5 in Armour
  4069 | D:4      | Found an ornate altar of the Wu Jian Council.
  4082 | D:4      | Reached XP level 7. HP: 50/64 MP: 6/6
  4426 | D:5      | Entered Level 5 of the Dungeon
  5092 | D:6      | Reached *** piety under Trog
  5104 | D:5      | Slain by a sky beast

Illustrated notes

Levels and vault maps discovered:
D:1:      minmay_arrival_jagged, layout_basic,
          dreamdust_ecumenical_altar_angels_and_demons
D:2:      layout_loops_cross, basic_altar
D:3:      layout_loops_ring, minmay_misc_feat_cross, lightli_corner_chamber
D:4:      layout_loops_corners, nicolae_wu_jian_immortal_techniques,
          amcnicky_mini_rare_corridor_liquid, uniq_edmund, uniq_sigmund
D:5:      layout_loops_ring
D:6:      layout_loops_ring, minmay_temple_entry_junction,
          nicolae_ossuary_entry_giza, uniq_pikel

Skill      XL: |  1  2  3  4  5  6  7 |
---------------+----------------------+-----
Fighting       | 4 5 6 7 |  7.0
Axes           | 4 5 6 7 |  7.0
Armour         | 3 4 5 6 |  6.4
Dodging        | |  2.1

Action                   |  1- 3 |  4- 6 |  7- 9 || total
-------------------------+-------+-------+-------++-------
Melee: Hand axe          |    95 |    11 |       ||   106
       Headbutt          |    15 |    11 |     9 ||    35
       Punch             |     3 |       |       ||     3
       War axe           |       |    22 |       ||    22
       Scythe            |       |    51 |    53 ||   104
Throw: Boomerang         |     1 |       |       ||     1
Invok: Berserk           |       |     2 |     1 ||     3
       Trog's Hand       |       |     1 |       ||     1
  Use: Scroll            |       |     2 |       ||     2
Armor: Animal skin       |    20 |       |       ||    20
       Leather armour    |     3 |     2 |       ||     5
       Ring mail         |       |    19 |    37 ||    56
Dodge: Dodged            |    68 |    36 |    40 ||   144
